 Dungeon Crawl Stone Soup version 0.30-a0-757-ga6a79fd877 (webtiles) character file.

Game seed: 1259184028501345507

606 Dittersdorf the Covered (level 7, 0/44 HPs)
             Began as a Gargoyle Fighter on Feb 9, 2023.
             Slain by an orc
             ... wielding a +0 whip
              (2 damage)
             ... on level 5 of the Dungeon.
             The game lasted 00:04:56 (4216 turns).

Dittersdorf the Covered (Gargoyle Fighter)          Turns: 4216, Time: 00:04:57

Health: 0/44       AC: 14    Str: 27    XL:     7   Next: 42%
Magic:  7/7        EV:  6    Int:  9    God:
Gold:   198        SH: 13    Dex:  9    Spells: 6/6 levels left

rFire   . . .      SeeInvis .    a - +0 flail
rCold   . . .      Faith    .    w - +1 tower shield
rNeg    + . .      Spirit   .    b - +0 scale mail
rPois   ∞          Reflect  .    x - +0 helmet
rElec   +          Harm     .    (no cloak)
rCorr   .          Rampage  .    n - +0 pair of gloves
Will    .....                    (no boots) Stlth
                                 p - amulet of regeneration
HPRegen 1.07/turn                j - +6 ring of strength
MPRegen 0.10/turn                (no ring)

@: marked
A: sickness immunity, AC +4, negative energy resistance 1, electricity
resistance, torment resistance 1, petrification resistance
a: no special abilities


You were on level 5 of the Dungeon.
You visited 1 branch of the dungeon, and saw 5 of its levels.

You collected 198 gold pieces.

Inventory:

Hand Weapons
 a - a +0 flail (weapon)
Missiles
 i - 11 poisoned darts (quivered)
Armour
 b - a +0 scale mail (worn)
 n - a +0 pair of gloves (worn)
 w - a +1 tower shield (worn)
 x - a +0 helmet (worn)
Jewellery
 c - an amulet of guardian spirit
 j - a +6 ring of strength (left hand)
 p - an amulet of regeneration (around neck)
Wands
 h - a wand of roots (4)
 m - a wand of mindburst (17)
Scrolls
 k - 2 scrolls of silence
 o - a scroll of blinking {unknown}
 r - a scroll of poison {unknown}
 u - 2 scrolls of identify {unknown}
 v - a scroll of brand weapon {unknown}
 y - a scroll of acquirement {unknown}
 z - a scroll of teleportation
Potions
 d - a potion of might
 e - a potion of ambrosia {unknown}
 f - 2 potions of degeneration {unknown}
 g - 2 potions of mutation {unknown}
 l - a potion of lignification {unknown}
 q - 2 potions of flight {unknown}
 s - 2 potions of heal wounds {unknown}
 t - a potion of attraction {unknown}


   Skills:
 + Level 5.3 Fighting
 + Level 4.2 Maces & Flails
 + Level 5.4 Armour
 + Level 5.3 Shields


You had 6 spell levels left.
You didn't know any spells.
Your spell library contained the following spells:

 Spells                   Type           Power      Damage    Failure   Level
 Shock                    Conj/Air       0%         1d3       100%        1
 Call Canine Familiar     Summ           0%         N/A       100%        3
 Inner Flame              Hex/Fire       0%         N/A       100%        3
 Portal Projectile        Hex/Tloc       0%         N/A       100%        3
 Swiftness                Air            0%         N/A       100%        3
 Tukima's Dance           Hex            0%         N/A       100%        3
 Airstrike                Air            0%         2d(0-16)  100%        4
 Flame Wave               Conj/Fire      0%         2d4       100%        4
 Leda's Liquefaction      Hex/Erth       0%         N/A       100%        4
 Passage of Golubria      Tloc           0%         N/A       100%        4
 Sticky Flame             Conj/Fire      0%         2d3       100%        4
 Yara's Violent Unravell  Hex/Tmut       0%         3d3       100%        5


Dungeon Overview and Level Annotations

Branches:
Dungeon (5/15)
 Temple: D:4-7

Altars:
Ashenzari
Dithmenos
Fedhas
Uskayaw

Shops:
D:1 *


Innate Abilities, Weirdness & Mutations

You are immune to sickness and miasma.
Your stone body is resilient. (AC +4)
You are immune to poison.
You resist negative energy. (rN+)
You are resistant to electric shocks. (rElec)
You are resistant to unholy torment.
You are immune to petrification.


Message History

You are too injured to fight recklessly!
You are too injured to fight recklessly!
You are too injured to fight recklessly!
You are too injured to fight recklessly!
You are too injured to fight recklessly!
You are too injured to fight recklessly!
You are too injured to fight recklessly!
You are too injured to fight recklessly!
You are too injured to fight recklessly!
You are too injured to fight recklessly!
You are too injured to fight recklessly!
You are too injured to fight recklessly!
You closely miss the orc priest.
The orc priest is severely wounded.
You block the adder's attack. The ufetubus hits you.
* * * LOW HITPOINT WARNING * * *
The ufetubus hits you.
* * * LOW HITPOINT WARNING * * *
The orc priest hits you but does no damage.
The orc hits you but does no damage. You block the orc's attack.
The howler monkey hits you but does no damage.
The adder barely misses you.
An ufetubus comes into view.
The ufetubus hits you but does no damage. x2
The orc hits you from afar with a +0 trident.
* * * LOW HITPOINT WARNING * * *
You block the orc priest's attack. The orc hits you but does no damage.
You hit the orc priest.
You kill the orc priest!
You block the howler monkey's attack. The adder bites you but does no damage.
The ufetubus hits you.
* * * LOW HITPOINT WARNING * * *
The ufetubus hits you.
* * * LOW HITPOINT WARNING * * *
You block the howler monkey's attack. The orc hits you but does no damage.
The adder barely misses you. The ufetubus hits you.
* * * LOW HITPOINT WARNING * * *
The ufetubus hits you but does no damage.
The orc hits you with a +0 whip.
You die...

........##
..................#
..................######
...5....................
.....)..............####
.................#(##
.......l...........#
......5Sh..........#
.....o)@.........#.#
.......o.........#.#
...................#
#########.........##
###########


You could see a howler monkey, an iguana, an adder, 2 orcs and 2 ufetubi.

Vanquished Creatures
  Eustachio (D:4)
  An ice beast (D:5)
  2 jellies (D:5)
  A hound (D:4)
  An orc priest (D:5)
  Natasha (thrice) (D:2)
  Terence (D:3)
  An orc wizard (D:3)
  Robin (D:4)
  A gnoll (D:1)
  4 adders
  2 white imps (D:5)
  4 worms
  A dart slug (D:4)
  12 orcs
  5 ball pythons
  4 bats (D:2)
  5 endoplasms
  A giant cockroach (D:4)
  14 goblins
  5 hobgoblins
  3 quokkas
  3 frilled lizards
  5 kobolds
  2 rats
83 creatures vanquished.

Notes
Turn   | Place    | Note
-------+----------+-------------------------------------------
     0 | D:1      | Dittersdorf the Gargoyle Fighter began the quest for the
                  | Orb.
     0 | D:1      | Reached XP level 1. HP: 14/14 MP: 1/1
    14 | D:1      | Reached XP level 2. HP: 19/19 MP: 2/2
   474 | D:1      | Found Qipt's General Store.
   590 | D:2      | Reached XP level 3. HP: 23/23 MP: 3/3
  1004 | D:2      | Noticed Natasha
  1024 | D:2      | Killed Natasha
  1128 | D:2      | Reached XP level 4. HP: 29/29 MP: 4/4
  1343 | D:2      | Noticed Natasha
  1352 | D:2      | Killed Natasha
  1509 | D:2      | Noticed Natasha
  1515 | D:2      | Killed Natasha
  1516 | D:2      | Reached XP level 5. HP: 33/33 MP: 5/5
  1575 | D:3      | Noticed Terence
  1585 | D:3      | Killed Terence
  1719 | D:3      | Found a faded altar of an unknown god.
  2160 | D:3      | Identified the +10 rapier of Forgiveness {pain, *Rage
                  | *Corrode +Blink Will+++}
  2509 | D:4      | Found a hide-covered altar of Uskayaw.
  2612 | D:4      | Found a shadowy altar of Dithmenos.
  2619 | D:4      | Noticed Eustachio
  2764 | D:3      | Reached XP level 6. HP: 32/39 MP: 6/6
  2819 | D:4      | Killed Eustachio
  3119 | D:4      | Reached skill level 5 in Armour
  3204 | D:4      | Noticed Robin
  3263 | D:4      | Killed Robin
  3264 | D:4      | Reached skill level 5 in Fighting
  3264 | D:4      | Reached skill level 5 in Shields
  3326 | D:4      | Found a blossoming altar of Fedhas.
  3655 | D:4      | Reached XP level 7. HP: 44/44 MP: 7/7
  3781 | D:4      | Found a broken altar of Ashenzari.
  3804 | D:5      | Entered Level 5 of the Dungeon
  4009 | D:5      | HP: 1/44 [acid (8)]
  4216 | D:5      | HP: 2/44 [ufetubus (2)]
  4216 | D:5      | Slain by an orc

Illustrated notes

Levels and vault maps discovered:
D:1:      erik_arrival_blinker_ship, layout_basic, serial_shops,
          nicolae_shop_statue_plus
D:2:      layout_loops_corners, kennysheep_cross_room, uniq_natasha
D:3:      layout_loops_cross, shapermc_ecumenical_altar_venn, uniq_terence
D:4:      layout_loops_corners, mainiacjoe_overflow_alcove_1,
          nicolae_dithmenos_shadow_blocks, mainiacjoe_overflow_cross_hatched,
          lemuel_coloured_pillars_altar, chequers_mini_garden, uniq_robin,
          uniq_eustachio
D:5:      layout_rooms, slow_altar_2, chequers_serial_rivers_large_a,
          wad_floor_pattern_1, minmay_misc_feat_more_columns

Skill      XL: |  1  2  3  4  5  6  7 |
---------------+----------------------+-----
Armour         | 4 5 |  5.4
Fighting       | 4 5 |  5.3
Shields        | 4 5 |  5.3
Maces & Flails | 3 4 |  4.2

Action                     |  1- 3 |  4- 6 |  7- 9 || total
---------------------------+-------+-------+-------++-------
  Melee: Flail             |    71 |   208 |    64 ||   343
  Throw: Dart              |       |     5 |       ||     5
    Use: Scroll            |       |     5 |     2 ||     7
 Armour: Scale mail        |    36 |   135 |    51 ||   222
  Dodge: Dodged            |    36 |    65 |    21 ||   122
  Block: Buckler           |    10 |     4 |       ||    14
         Tower shield      |       |   195 |    54 ||   249

Table legend: (Time is in decaauts)
 A = Elapsed time spent in this place.
 B = Non-inter-level travel time spent in this place.
 C = Inter-level travel time spent in this place.
 D = Time resting spent in this place.
 E = Time spent auto-exploring this place.
 F = Levels seen in this place.
 G = Mean time per level.
                   A        B        C        D        E       F      G
               +--------+--------+--------+--------+--------+-----+--------+
         Total |   4400 |   4271 |    129 |    446 |   2842 |   5 |  880.0 |
       Dungeon |   4400 |   4271 |    129 |    446 |   2842 |   5 |  880.0 |
               +--------+--------+--------+--------+--------+-----+--------+

Top non-repeatable levels by time:
     D:4: 1438 daAuts
     D:2: 1038 daAuts
     D:3: 905 daAuts
     D:1: 567 daAuts
     D:5: 449 daAuts
